 Dungeon Crawl Stone Soup version 0.24.1 (webtiles) character file.

Game seed: 16888622573994783358, levelgen mode: deterministic

100810 Peloso the Peltast (level 15, -7/138 HPs)
             Began as a Minotaur Fighter on Mar 31, 2020.
             Was the Champion of Okawaru.
             Killed from afar by a shock serpent (11 damage)
             ... with an electric aura
             ... on level 1 of the Snake Pit.
             The game lasted 01:18:14 (29762 turns).

Peloso the Peltast (Minotaur Fighter)              Turns: 29762, Time: 01:18:15

Health: -7/138     AC: 28    Str: 28    XL:     15   Next: 81%
Magic:  25/25      EV:  8    Int:  5    God:    Okawaru [******]
Gold:   1000       SH: 17    Dex: 13    Spells: 14/14 levels left

rFire    + . .     SeeInvis .   a - +5 double sword of the Moth {slice, *Slow rPois MR+ Str+4}
rCold    + + .     Gourm    .   c - +1 shield
rNeg     . . .     Faith    .   x - +0 crystal plate armour
rPois    +         Spirit   .   v - +1 hat {MR+}
rElec    .         Reflect  .   A - scarf {rC+ rF+}
rCorr    .         Harm     .   i - +2 pair of gloves
MR       +++++     Rnd*Rage +   (no boots)
Stlth    ..........             (no amulet)
HPRegen  0.33/turn              h - ring of protection from cold
MPRegen  0.19/turn              J - ring of Puifynk {+Inv rPois MR++ MP+9}

@: berserk cooldown, slowed, very slow
A: retaliatory headbutt, horns 2, berserk 1
a: Heroism, Finesse, Renounce Religion, Evoke Invisibility


You were on level 1 of the Snake Pit.
You worshipped Okawaru.
Okawaru was exalted by your worship.
You were not hungry.

You visited 4 branches of the dungeon, and saw 24 of its levels.
You also visited: Bailey.

You collected 3382 gold pieces.
You spent 2382 gold pieces at shops.

Inventory:

Hand Weapons
 a - the +5 double sword of the Moth (weapon) {slice, *Slow rPois MR+ Str+4}
   (Okawaru gifted it to you on level 1 of the Orcish Mines)

   It inflicts extra damage upon your enemies.
   It affects your strength (+4).
   It protects you from poison.
   It affects your resistance to hostile enchantments.
   It may slow you when you take damage.
 b - the +1 scimitar "Ogrebane" {holy, rElec Str+4 SInv}
   (Okawaru gifted it to you on level 6 of the Lair of Beasts)

   It has been blessed by the Shining One to cause great damage to the undead
   and demons.
   It affects your strength (+4).
   It insulates you from electricity.
   It lets you see invisible.
 o - the +10 double sword of Muyg {flame, -Tele MR- Str+4 Dex+10}
   (Okawaru gifted it to you on level 5 of the Lair of Beasts)

   It has been specially enchanted to burn those struck by it, causing extra
   injury to most foes and up to half again as much damage against particularly
   susceptible opponents.
   Big, fiery blades are also staple armaments of hydra-hunters.
   It affects your strength (+4).
   It affects your dexterity (+10).
   It affects your resistance to hostile enchantments.
   It prevents most forms of teleportation.
Armour
 c - a +1 shield (worn)
 i - a +2 pair of gloves (worn)
 m - +0 fire dragon scales
 v - a +1 hat of magic resistance (worn)
 x - a +0 crystal plate armour (worn)
 A - a scarf of resistance (worn)
Jewellery
 h - a ring of protection from cold (left hand)
 j - an uncursed ring of see invisible {unknown}
 I - an uncursed ring of flight
 J - the ring of Puifynk (right hand) {+Inv rPois MR++ MP+9}
   (You bought it in a shop on level 2 of the Orcish Mines)

   [ring of magical power]

   It protects you from poison.
   It affects your resistance to hostile enchantments.
   It affects your magic capacity (+9).
   It lets you turn invisible.
Wands
 p - a wand of random effects (10)
 M - a wand of digging (11)
Scrolls
 g - 10 scrolls of teleportation
 k - 3 scrolls of noise
 l - a scroll of enchant weapon
 r - a scroll of summoning
 t - 8 scrolls of remove curse
 w - a scroll of fear
 G - 5 scrolls of magic mapping
 K - 6 scrolls of identify
 X - 2 scrolls of blinking
Potions
 d - 2 potions of might
 e - 5 potions of heal wounds
 n - 3 potions of curing
 s - 3 potions of agility
 u - 4 potions of berserk rage
 D - 3 potions of haste
 E - a potion of resistance
 P - 2 potions of flight
Miscellaneous
 q - a lightning rod (4/4)
Comestibles
 f - 36 rations


   Skills:
 + Level 14.3 Fighting
 + Level 17.1 Long Blades
   Level 4.7 Polearms
 + Level 14.8 Armour
 + Level 4.3 Dodging
 + Level 1.2 Stealth
 + Level 17.9 Shields
 + Level 2.7 Invocations
 + Level 3.3 Evocations


You had 14 spell levels left.
You didn't know any spells.
Your spell library contained the following spells:

 Spells                   Type           Power        Failure   Level  Hunger
 Apportation              Tloc           #.....       100%        1    ##.....
 Freeze                   Ice            #...         100%        1    ##.....
 Infusion                 Chrm           #...         100%        1    ##.....
 Magic Dart               Conj           #...         100%        1    ##.....
 Summon Butterflies       Summ           #.......     100%        1    ##.....
 Blink                    Tloc           N/A          100%        2    ###....
 Call Imp                 Summ           #.......     100%        2    ###....
 Shroud of Golubria       Chrm/Tloc      #.....       100%        2    ###....
 Slow                     Hex            #.......     100%        2    ###....
 Song of Slaying          Chrm           #.......     100%        2    ###....
 Throw Frost              Conj/Ice       #.....       100%        2    ###....
 Conjure Flame            Conj/Fire      #.......     100%        3    ####...
 Lesser Beckoning         Tloc           #.........   100%        3    ####...
 Mephitic Cloud           Conj/Pois/Air  #.......     100%        3    ####...
 Ozocubu's Armour         Chrm/Ice       #.......     100%        3    ####...
 Regeneration             Chrm/Necr      #.........   100%        3    ####...
 Spectral Weapon          Hex/Chrm       #.......     100%        3    ####...
 Tukima's Dance           Hex            #.......     100%        3    ####...
 Summon Ice Beast         Ice/Summ       #.......     100%        4    #####..
 Throw Icicle             Conj/Ice       #.......     100%        4    #####..
 Alistair's Intoxication  Tmut/Pois      #.......     100%        5    ######.
 Invisibility             Hex            #.......     100%        6    #######


Dungeon Overview and Level Annotations

Branches:
Dungeon (15/15)            Temple (0/1) D:4            Lair (6/6) D:10
 Shoals (0/4) Lair:3        Snake (1/4) Lair:3        Slime (0/5) Lair:6
    Orc (2/2) D:9             Elf (0/3) Orc:2        Vaults (0/5) D:14
 Depths (0/5) D:15         Bailey (visited)

Altars:
Dithmenos
Fedhas
Makhleb
Nemelex Xobeh
Okawaru
Qazlal
Trog
Vehumet
The Shining One
Jiyva

Shops:
D:10 }   D:11 ?   D:12 =   D:15 *   Orc:2 =*}?*


Innate Abilities, Weirdness & Mutations

You reflexively headbutt those who attack you in melee.
You have a pair of horns on your head.
You tend to lose your temper in combat.


Message History

Unknown command.
You slice the naga!!
You kill the naga!
Okawaru accepts your kill.
You feel sick.
Things that are here:
a +0 hand axe; a naga corpse You feel a strong urge to attack something.
You feel your anger nearly subside.
You are no longer berserk.
You are exhausted.
You feel yourself slow down.
You feel sick.
A shock serpent comes into view.
You feel sick.
You are no longer poisoned.
The shock serpent hisses angrily.
You hit the shock serpent. You headbutt the shock serpent!
The shock serpent is moderately wounded.
The shock serpent's electric aura discharges, shocking you!
You die...

.......รท)[..).#
.......[...))<#
##..##..##..###
# #..##..##
##..##..#
#..##..#
..##..##
..##.S##
#..##@.# ##..#
#..## #..## .
##..# N. ##..#
.S. #..## ...
#..# #.. ##))#


You could see a shock serpent.

Vanquished Creatures
  A nagaraja (Snake:1)
  Nessos (D:14)
  Snorg (D:13)
  Erolcha (D:10)
  A fire dragon (Lair:6)
  6 hydras
  The ghost of Storetsch the Peltast, a journeyman MiFi of Okawaru (D:12)
  2 naga warriors (Snake:1)
  7 two-headed ogres
  A catoblepas (Lair:4)
  A death knight (D:11)
  2 centaur warriors
  2 dancing weapons (D:14)
  An ogre mage (D:15)
  6 anacondas
  A tengu warrior (D:13)
  An orc high priest (Orc:2)
  Nergalle (Lair:4)
  2 unseen horrors
  A wizard (D:15)
  3 lindwurms (Lair:6)
  Pikel (D:5)
  A phantasmal warrior (D:12)
  2 cyclopes
  4 orc sorcerers
  4 orc knights (Bailey)
  A wolf spider (Lair:6)
  15 ugly things
  5 oklob plants (Lair:6)
  5 deep elf magi
  2 centaur zombies (D:15)
  3 guardian serpents
  A merfolk siren (Lair:3)
  4 elephants (Lair:6)
  14 black mambas
  Psyche (D:10)
  A gargoyle (D:14)
  5 torpor snails (Lair:6)
  6 naga magi
  12 spiny frogs
  A rime drake (Lair:4)
  3 centaur skeletons
  2 freezing wraiths (D:11)
  4 komodo dragons
  2 kobold demonologists
  3 tengu conjurers
  7 trolls
  A polar bear (Lair:3)
  A merfolk (D:12)
  3 tyrant leeches (Lair:6)
  Prince Ribbit (D:5)
  Grinder (D:6)
  9 hornets
  9 blink frogs
  6 hippogriffs
  13 dream sheep
  2 redbacks (Lair:6)
  A centaur simulacrum (D:15)
  12 wyverns
  6 basilisks
  3 wraiths
  45 yaks
  4 vampires
  6 neqoxecs (D:12)
  A hungry ghost (D:12)
  4 vampire mosquitoes
  3 wargs
  Menkaure (D:7)
  8 nagas
  32 water moccasins
  2 acid dragons
  6 porcupines
  A swamp drake (Orc:1)
  4 ice beasts
  27 orc warriors
  2 black bears
  2 phantoms
  A necrophage (D:9)
  A hornet zombie (D:14)
  4 sky beasts
  3 eyes of draining
  7 ogres
  12 centaurs
  9 crocodiles
  3 big kobolds
  22 bullfrogs
  A wyvern skeleton (D:13)
  A water moccasin skeleton (D:11)
  4 scorpions
  11 killer bees
  3 wights (D:13)
  4 electric eels
  7 crimson imps
  2 quasits (D:12)
  2 bullfrog zombies
  27 orc priests
  7 hounds
  3 jellies
  A gnoll shaman (D:8)
  An iron imp (Orc:1)
  3 bullfrog skeletons
  2 iguanas
  29 orc wizards
  4 hell rats (Lair:3)
  13 worker ants
  A hound skeleton (D:11)
  8 gnolls
  13 adders
  3 shadow imps
  A white imp (Orc:1)
  2 oozes
  3 adder skeletons
  2 worms
  2 dart slugs (D:2)
  2 leopard geckos
  112 orcs
  3 ball pythons
  4 giant cockroaches
  7 hobgoblins
  4 jackals
  6 quokkas
  6 bats
  2 frilled lizards
  9 goblins
  19 kobolds
  12 rats
  A bush (Lair:4)
  7 fungi
  6 plants
790 creatures vanquished.

Vanquished Creatures (others)
  An orc wizard (Orc:2)
  7 fungi (Lair:6)
  23 plants
31 creatures vanquished.

Grand Total: 821 creatures vanquished

Notes
Turn   | Place    | Note
-------+----------+-------------------------------------------
     0 | D:1      | Peloso the Minotaur Fighter began the quest for the Orb.
     0 | D:1      | Reached XP level 1. HP: 19/19 MP: 0/0
   192 | D:1      | Reached XP level 2. HP: 27/27 MP: 1/1
   935 | D:2      | Reached XP level 3. HP: 33/33 MP: 2/2
  1209 | D:2      | Reached skill level 5 in Shields
  1209 | D:2      | Reached XP level 4. HP: 33/40 MP: 3/3
  1701 | D:3      | Reached XP level 5. HP: 27/46 MP: 4/4
  1813 | D:3      | Found an iron altar of Okawaru.
  1821 | D:3      | Became a worshipper of Warmaster Okawaru
  1885 | D:3      | Reached skill level 1 in Dodging
  2599 | D:3      | Found a burning altar of Makhleb.
  2602 | D:3      | Reached XP level 6. HP: 50/53 MP: 5/5
  2855 | D:4      | Found a staircase to the Ecumenical Temple.
  2900 | D:4      | Identified the cursed +0 rapier of the Orcish Mines {drain,
                  | Dex+4 SInv Stlth+}
  2908 | D:5      | Entered Level 5 of the Dungeon
  3168 | D:5      | Reached * piety under Okawaru
  3429 | D:4      | Reached skill level 5 in Long Blades
  3784 | D:5      | Reached XP level 7. HP: 60/60 MP: 6/6
  3838 | D:5      | Reached skill level 5 in Armour
  4112 | D:5      | Noticed Pikel
  4143 | D:5      | Reached skill level 5 in Fighting
  4153 | D:5      | Killed Pikel
  4153 | D:5      | Reached ** piety under Okawaru
  4153 | D:5      | Reached XP level 8. HP: 33/69 MP: 4/7
  4190 | D:5      | Noticed Prince Ribbit
  4205 | D:5      | Killed Prince Ribbit
  4930 | D:6      | Reached *** piety under Okawaru
  4996 | D:6      | Noticed Grinder
  5011 | D:6      | Paralysed by Grinder for 3 turns
  5015 | D:6      | Killed Grinder
  5283 | D:6      | Reached XP level 9. HP: 50/75 MP: 8/8
  5523 | D:6      | Found a glowing golden altar of the Shining One.
  5523 | D:6      | Found a stormy altar of Qazlal.
  5800 | D:7      | Found a radiant altar of Vehumet.
  5946 | D:7      | Noticed Menkaure
  5953 | D:7      | Killed Menkaure
  6496 | D:7      | Reached **** piety under Okawaru
  6676 | D:8      | Received a gift from Okawaru
  6863 | D:8      | Found a bloodstained altar of Trog.
  6917 | D:8      | Noticed a deep elf mage
  6924 | D:8      | Killed a deep elf mage
  6924 | D:8      | Reached skill level 10 in Long Blades
  7082 | D:8      | Reached XP level 10. HP: 73/86 MP: 9/9
  7352 | D:8      | Noticed a two-headed ogre
  7369 | D:8      | Killed a two-headed ogre
  7369 | D:8      | Reached skill level 10 in Shields
  7369 | D:8      | Reached skill level 1 in Evocations
  8161 | D:9      | Reached ***** piety under Okawaru
  8241 | D:9      | Reached skill level 1 in Invocations
  8396 | D:9      | Found a sparkling altar of Nemelex Xobeh.
  8453 | D:9      | Found a staircase to the Orcish Mines.
  8796 | D:10     | Entered Level 10 of the Dungeon
  8844 | D:10     | Received a gift from Okawaru
  8900 | D:10     | Got a bloodstained ring mail {god gift}
  9006 | D:10     | Found a staircase to the Lair.
  9129 | D:10     | Noticed a two-headed ogre
  9147 | D:10     | Killed a two-headed ogre
  9147 | D:10     | Reached XP level 11. HP: 75/95 MP: 10/10
  9179 | D:10     | Found a shadowy altar of Dithmenos.
  9181 | D:10     | Noticed Psyche
  9200 | D:10     | Killed Psyche
  9218 | D:10     | Noticed Erolcha
  9231 | D:10     | Killed Erolcha
  9483 | D:10     | Found Kophiase's Gadget Boutique.
  9486 | D:10     | Bought a wand of digging (5) for 198 gold pieces
  9552 | D:10     | Got a dazzling scale mail
  9563 | D:10     | Identified the +1 scale mail of the Known World {rC- rCorr
                  | Str+8 Dex-3} (You found it on level 10 of the Dungeon)
  9573 | D:10     | Identified the +2 ring mail of Fallacy {rN+ MP-9 Int+3
                  | Dex+2} (Okawaru gifted it to you on level 10 of the
                  | Dungeon)
 10050 | D:11     | Found Vita Zoa's Magic Scroll Shop.
 10053 | D:11     | Bought a scroll of magic mapping for 52 gold pieces
 10521 | D:11     | Noticed a cyan ugly thing
 10530 | D:11     | Killed a cyan ugly thing
 10770 | Lair:1   | Entered Level 1 of the Lair of Beasts
 11038 | Lair:1   | Reached skill level 1 in Stealth
 11050 | Lair:1   | Received a gift from Okawaru
 11054 | Lair:1   | Got a steaming falchion {god gift}
 11055 | Lair:1   | Identified the +10 falchion of Igoeh {drain, rC+} (Okawaru
                  | gifted it to you on level 1 of the Lair of Beasts)
 11446 | Lair:1   | Noticed an eight-headed hydra
 11462 | Lair:1   | Killed an eight-headed hydra
 11962 | Lair:2   | Reached XP level 12. HP: 97/106 MP: 12/12
 11967 | Lair:2   | Reached skill level 10 in Fighting
 12186 | Lair:2   | Reached skill level 10 in Armour
 12559 | Lair:3   | Reached skill level 1 in Polearms
 12635 | Lair:3   | Found a staircase to the Shoals.
 12699 | Lair:3   | Noticed an eight-headed hydra
 13145 | Lair:3   | Received a gift from Okawaru
 13183 | Lair:3   | Noticed an eight-headed hydra
 13196 | Lair:3   | HP: 2/108 [eight-headed hydra (7)]
 13693 | Lair:2   | Killed an eight-headed hydra
 13707 | Lair:3   | Killed an eight-headed hydra
 14041 | Lair:3   | Found a staircase to the Snake Pit.
 14850 | D:12     | Noticed a death knight
 14861 | D:11     | Killed a death knight
 15352 | D:12     | Noticed Storetsch's ghost (journeyman MiFi)
 15388 | D:12     | Found a transporter.
 15463 | D:12     | Found a transporter.
 15733 | D:12     | Found Tisuz's Jewellery Boutique.
 15753 | D:12     | Reached XP level 13. HP: 116/116 MP: 13/13
 16164 | D:13     | Found a flagged portal.
 16236 | Bailey   | Entered a bailey
 16947 | Bailey   | Received a gift from Okawaru
 16959 | Bailey   | Got a crude dagger {god gift}
 17318 | D:13     | Noticed Snorg
 17329 | D:13     | Killed Snorg
 17978 | Orc:1    | Entered Level 1 of the Orcish Mines
 18594 | Orc:2    | Entered Level 2 of the Orcish Mines
 19095 | Orc:1    | Received a gift from Okawaru
 19107 | Orc:1    | Got a translucent double sword {god gift}
 19108 | Orc:1    | Identified the +5 double sword of the Moth {slice, *Slow
                  | rPois MR+ Str+4} (Okawaru gifted it to you on level 1 of
                  | the Orcish Mines)
 19223 | Orc:1    | Reached skill level 15 in Shields
 19933 | Orc:2    | Reached skill level 15 in Long Blades
 19989 | Orc:2    | Found a staircase to the Elven Halls.
 19995 | Orc:2    | Found Jycio's General Store.
 20081 | Orc:2    | Found Lotsimuj's Magic Scroll Boutique.
 20086 | Orc:2    | Found Qujiaph's Jewellery Shop.
 20086 | Orc:2    | Found Vethrank's Gadget Boutique.
 20092 | Orc:2    | Found Jaupiz's General Store.
 20105 | Orc:2    | Bought a wand of digging (8) for 384 gold pieces
 20107 | Orc:2    | Bought a scroll of random uselessness for 11 gold pieces
 20110 | Orc:2    | Bought the ring of Puifynk {+Inv rPois MR++ MP+9} for 792
                  | gold pieces
 20112 | Orc:2    | Bought a scroll of silence for 105 gold pieces
 21040 | D:13     | Reached ****** piety under Okawaru
 21350 | D:13     | Reached XP level 14. HP: 90/126 MP: 14/14
 21726 | D:14     | Received a gift from Okawaru
 21729 | D:14     | Got distressingly furry fire dragon scales {god gift}
 21769 | D:14     | Identified the +1 fire dragon scales of Laneunta {rF++ rC-
                  | Str+4} (Okawaru gifted it to you on level 14 of the
                  | Dungeon)
 21944 | D:14     | Noticed Nessos
 21966 | D:14     | Killed Nessos
 22329 | D:14     | Found a gate to the Vaults.
 22444 | D:15     | Entered Level 15 of the Dungeon
 22494 | D:15     | Found Toir's Pet Rocks.
 22884 | D:15     | Found a blossoming altar of Fedhas.
 23118 | D:15     | HP: 3/127 [earth elemental[a deep elf mage] (16)]
 23153 | D:15     | HP: 5/127 [naga mage/+0 spear (2)]
 23405 | D:15     | Found a staircase to the Depths.
 23556 | D:11     | Bought a scroll of acquirement for 780 gold pieces
 23556 | D:11     | Bought a scroll of fog for 30 gold pieces
 23556 | D:11     | Bought a scroll of fog for 30 gold pieces
 23649 | D:12     | Gained mutation: You tend to lose your temper in combat. [a
                  | neqoxec]
 23671 | D:12     | Killed Storetsch's ghost
 24037 | Lair:4   | Noticed Nergalle
 24049 | Lair:4   | Killed Nergalle
 24921 | Lair:5   | Received a gift from Okawaru
 24939 | Lair:5   | Got a transparent double sword {god gift}
 24940 | Lair:5   | Identified the +10 double sword of Muyg {flame, -Tele MR-
                  | Str+4 Dex+10} (Okawaru gifted it to you on level 5 of the
                  | Lair of Beasts)
 24948 | Lair:5   | Identified the +8 dagger of Dissent {antimagic, rPois Int+7
                  | Dex-5} (Okawaru gifted it to you in a bailey)
 25432 | Lair:6   | Entered Level 6 of the Lair of Beasts
 25662 | Lair:6   | Reached XP level 15. HP: 99/136 MP: 16/16
 25681 | Lair:6   | Received a gift from Okawaru
 28139 | Lair:6   | Found a shadowy altar of Dithmenos.
 28144 | Lair:6   | Found a viscous altar of Jiyva.
 28144 | Lair:6   | Found a staircase to the Slime Pits.
 28554 | Lair:6   | Found a runed translucent door.
 28650 | Lair:6   | Received a gift from Okawaru
 28696 | Lair:6   | Got a fine scimitar {god gift}
 28699 | Lair:6   | Identified the +1 scimitar "Ogrebane" {holy, rElec Str+4
                  | SInv} (Okawaru gifted it to you on level 6 of the Lair of
                  | Beasts)
 29247 | Snake:1  | Entered Level 1 of the Snake Pit
 29715 | Snake:1  | Noticed a nagaraja
 29725 | Snake:1  | Killed a nagaraja
 29735 | Snake:1  | Received a gift from Okawaru
 29745 | Snake:1  | HP: 9/207 [naga mage/+0 halberd (9)]
 29751 | Snake:1  | HP: 6/207 [naga/+0 hand axe (1)]
 29758 | Snake:1  | HP: 4/138 [poisoned by a naga warrior (splash of poison)]
 29762 | Snake:1  | Killed from afar by a shock serpent

Levels and vault maps discovered:
D:1:      erik_arrival_triangle_small, layout_basic
D:2:      layout_basic
D:3:      layout_rooms, kennysheep_okawaru_gauntlet, makhleb_grotto_becter,
          first_ration
D:4:      layout_basic, temple_fountains, hangedman_decor_lopped
D:5:      layout_basic, uniq_prince_ribbit1, uniq_pikel
D:6:      layout_loops_corners, gammafunk_temple_overflow_elements, uniq_grinder
D:7:      layout_loops_ring, nicolae_overflow_hidden_temple, uniq_menkaure
D:8:      minmay_opposing_rooms, layout_cave_pods, basic_altar
D:9:      layout_small_grid, nemelex_xobeh_ov_fountains_minmay,
          hiddenorc1_lemuel, special_room [special_room_orc]
D:10:     layout_rooms, lair_entry_dummy, serial_shops, kennysheep_mini_moat,
          nicolae_dithmenos_the_darkroom, uniq_erolcha, uniq_psyche
D:11:     layout_long_grid, serial_shops, kennysheep_mini
D:12:     layout_roguey, serial_shops, shop, gammafunk_ghost_stat_death,
          hangedman_fish_farm
D:13:     layout_basic, enter_bailey_6, uniq_snorg
D:14:     layout_cross, erik_vaults_1, minmay_holes, uniq_nessos
D:15:     grunt_enter_depths_magical_seal, layout_basic, fedhas_altar_3,
          guppyfry_shop_earth
Lair:1:   cheibrodos_lair_river_kwai, layout_gridlike,
          chequers_serial_rivers_micro_d, chequers_serial_rivers_micro_e,
          infiniplex_staircase_pool
Lair:2:   layout_roguey, disabler_island
Lair:3:   layout_cave_shapes, minmay_shoals_entry_lonely_mermaid,
          minmay_snake_entry_guardpost_small, minmay_stone_trees_large,
          nicolae_quartered_pool_medium, grunt_megastairs_3
Lair:4:   layout_gridlike, serial_forest, infiniplex_forest_split,
          infiniplex_forest_straight_2, infiniplex_forest_clump_long,
          infiniplex_forest_lined_ring, infiniplex_forest_end_2,
          infiniplex_forest_clump_curved, infiniplex_forest_join,
          infiniplex_forest_lined_1, uniq_nergalle
Lair:5:   layout_misc_corridors, grunt_megastairs_4, lemuel_fruit_tree
Lair:6:   hangedman_lair_tendril_chambers, layout_big_grid, wormcave,
          dpeg_slime_entry_enclosed_altar, basic_altar,
          minmay_lair_oklob_chamber
Snake:1:  layout_rooms, drop_trap, statue_in_the_mist_lemuel,
          nicolae_snake_serpentine_hallways, hangedman_snake_sidewinding
Orc:1:    layout_caves, hangedman_minor_magic
Orc:2:    st_orc_mages, layout_caves, serial_shops, shop

Skill      XL: |  1  2  3  4  5  6  7  8  9 10 11 12 13 14 15 |
---------------+----------------------------------------------+-----
Armour         | 4 6 7 8 9 11 12 13 14 | 14.8
Shields        | 4 5 6 7 9 11 12 13 15 16 17 | 17.9
Fighting       | 4 5 6 7 8 9 11 12 13 14 | 14.3
Long Blades    | 3 4 5 7 9 10 12 14 15 16 17 | 17.1
Dodging        | 1 2 3 4 |  4.3
Evocations     | 1 2 3 |  3.3
Invocations    | 1 2 |  2.7
Stealth        | 1 |  1.2
Polearms       | 4 |  4.7

Action                   |  1- 3 |  4- 6 |  7- 9 | 10-12 | 13-15 || total
-------------------------+-------+-------+-------+-------+-------++-------
Melee: Long sword        |    96 |   159 |   304 |   575 |       ||  1134
       Headbutt          |    16 |    31 |    65 |   201 |   345 ||   658
       Falchion          |       |       |       |   371 |   321 ||   692
       Trident           |       |       |       |    29 |       ||    29
       Double sword      |       |       |       |       |   872 ||   872
Invok: Heroism           |       |       |     4 |    16 |    12 ||    32
       Finesse           |       |       |       |       |     1 ||     1
 Abil: Evoke Flight      |       |       |       |       |     5 ||     5
       Evoke Invisibilit |       |       |       |       |     1 ||     1
Evoke: Wand              |       |       |     6 |     8 |    20 ||    34
  Use: Potion            |     2 |     1 |     2 |     2 |     9 ||    16
       Scroll            |       |     3 |     7 |    11 |     5 ||    26
  Eat: Chunk             |     1 |     8 |    11 |    19 |    26 ||    65
       Ration            |       |       |       |     3 |     6 ||     9
Armor: Scale mail        |    56 |    95 |    69 |       |       ||   220
       Plate armour      |       |       |    33 |   361 |    30 ||   424
       Crystal plate arm |       |       |       |       |   613 ||   613
Dodge: Dodged            |    19 |    57 |    75 |   231 |   301 ||   683
Block: Shield            |    62 |   106 |   163 |   621 |  1075 ||  2027
       Rpst.: Long sword |     5 |    14 |    18 |    36 |       ||    73
       Falchion          |       |       |       |    23 |    11 ||    34
       Double sword      |       |       |       |       |    54 ||    54
